[Event "Titled Tuesday Blitz July 25 Early 2023"]
[White "Maghsoodloo, Parham"]
[Black "Sadykov, Ramil"]
[WhiteFideId "12539929"]
[BlackFideId "24113590"]
[WhiteElo "2948"]
[BlackElo "2579"]
[Result "1/2-1/2"]
[Round "2"]
[TimeControl "180+2"]
[Date "2023.07.25"]
[WhiteClock "0:00:06"]
[BlackClock "0:00:04"]
[Board "23"]

1. d4 Nf6 2. c4 e6 3. Nf3 b6 4. g3 Ba6 5. b3 Bb4+ 6. Bd2 Be7 7. Bg2 O-O 8. O-O c6 9. Qc2 d5 10. Bf4 Nbd7 11. Rd1 Rc8 12. Nbd2 c5 13. dxc5 Bxc5 14. h3 Qe7 15. e3 h6 16. g4 e5 17. Bg3 dxc4 18. bxc4 Rfe8 19. a4 Bb7 20. Qb2 e4 21. Nd4 Ne5 22. Nf5 Qe6 23. Bxe5 Qxe5 24. Qxe5 Rxe5 25. a5 g6 26. Nd4 h5 27. axb6 Bxb6 28. Nb5 hxg4 29. hxg4 Nxg4 30. Nd6 Rb8 31. Nxb7 Rxb7 32. Nxe4 Rc7 33. Ra4 Kg7 34. Rc1 Nxe3 35. c5 Nxg2 36. Kxg2 Bxc5 37. f4 Rf5 38. Rac4 Rxf4 39. Nxc5 Rxc4 40. Rxc4 Rc6 41. Kf3 g5 42. Ke4 Kg6 43. Kd5 Rc8 44. Ra4 Rd8+ 45. Ke4 Re8+ 46. Kf3 Re5 47. Ne4 Rf5+ 48. Kg3 Rf4 49. Ra6+ f6 50. Nf2 Rc4 51. Rxa7 Rc3+ 52. Kg2 Rc2 53. Ra5 f5 54. Kf3 g4+ 55. Ke3 Rc3+ 56. Kd4 Rf3 57. Nd3 Kg5 58. Ra8 g3 59. Rg8+ Kh4 60. Ne5 Rf1 61. Kd3 f4 62. Ke2 Rf2+ 63. Ke1 Kh3 64. Nd3 Rf3 65. Kd2 Kg2 66. Ne1+ Kf2 67. Nxf3 Kxf3 68. Ke1 Kg2 69. Rf8 f3 70. Rf7 f2+ 71. Ke2 Kg1 72. Rf3 Kg2 73. Rf4 Kg1 74. Rf3 Kg2 75. Rf8 Kg1 76. Rf3 1/2-1/2


[Site "https://www.chess.com"]

[Event "Titled Tuesday Blitz July 25 Early 2023"]
[White "Al-Tarboush, Ward"]
[Black "Terry, Renato"]
[WhiteFideId "7601450"]
[BlackFideId "3803457"]
[WhiteElo "2578"]
[BlackElo "2947"]
[Result "0-1"]
[Round "2"]
[TimeControl "180+2"]
[Date "2023.07.25"]
[WhiteClock "0:00:02"]
[BlackClock "0:00:05"]
[Board "24"]

1. e4 e6 2. d4 d5 3. exd5 exd5 4. Bd3 Nc6 5. Nf3 Nb4 6. Bb5+ c6 7. Be2 a5 8. O-O Bf5 9. Na3 Bd6 10. Re1 Ne7 11. Bg5 f6 12. Bh4 O-O 13. Bg3 Bxg3 14. hxg3 Ng6 15. c3 Na6 16. Qd2 Nc7 17. Nc2 Qd6 18. Ne3 Be6 19. Bd3 Ne7 20. Re2 Qd7 21. Rae1 Rfe8 22. Nh4 g6 23. f4 Bf7 24. g4 Qd6 25. g3 Rad8 26. Kg2 Nc8 27. g5 fxg5 28. fxg5 Be6 29. Rf2 Rf8 30. Ref1 Rxf2+ 31. Rxf2 Rf8 32. Kh2 Qe7 33. Rxf8+ Qxf8 34. Neg2 Qe7 35. Qf4 Bf7 36. Nf3 Nd6 37. Qg4 Be6 38. Qh4 Bf5 39. Ne5 Ne6 40. Nf4 Qxg5 41. Qxg5 Nxg5 42. Be2 Kf8 43. g4 Bb1 44. a3 Ke7 45. Kg3 Nge4+ 46. Kg2 Nd2 47. Nfd3 N2c4 48. Kf3 Bxd3 49. Nxd3 a4 50. Kf4 Nf7 51. g5 b5 52. Bg4 Kd6 53. Bc8 Ke7 54. Bb7 Kd7 55. Ba6 Kc7 56. Ne5 Nfxe5 57. dxe5 Nxb2 58. e6 Nd3+ 59. Ke3 Nc5 60. e7 Kd7 61. Bc8+ Kxe7 62. Kd4 Kd6 63. Bg4 Ne6+ 0-1


[Site "https://www.chess.com"]

[Event "Titled Tuesday Blitz July 25 Early 2023"]
[White "Ibarra Jerez, Jose Carlos"]
[Black "Vlassov, Nikolai"]
[WhiteFideId "2226332"]
[BlackFideId "4103360"]
[WhiteElo "2945"]
[BlackElo "2578"]
[Result "1-0"]
[Round "2"]
[TimeControl "180+2"]
[Date "2023.07.25"]
[WhiteClock "0:00:09"]
[BlackClock "0:00:07"]
[Board "25"]

1. e4 Nc6 2. Nf3 d5 3. exd5 Qxd5 4. d4 Bg4 5. Be2 O-O-O 6. c4 Qh5 7. Be3 Nh6 8. Nbd2 Nf5 9. d5 Nxe3 10. fxe3 Ne5 11. O-O e6 12. Qb3 Bxf3 13. Nxf3 Bc5 14. Nd4 Qh4 15. Rf4 Qe7 16. Rd1 exd5 17. cxd5 Ng6 18. Bg4+ Rd7 19. Bxd7+ Qxd7 20. Re4 Rd8 21. Nf3 Kb8 22. Ne5 Nxe5 23. Rxe5 Qd6 24. Re4 a5 25. Qb5 Bb6 26. Re8 Ka7 27. Rxd8 Qxd8 28. Qd3 g6 29. g3 Qg5 30. Re1 h5 31. Qe4 Qf6 32. Re2 Qd6 33. Kg2 Qc5 34. Rf2 f5 35. Qe6 h4 36. gxh4 a4 37. Qe5 Qc4 38. d6 cxd6 39. Qf4 Qxa2 40. Qxd6 Bxe3 41. Re2 Bb6 42. Qd3 f4 43. Kf3 Qf7 44. Qe4 Be3 45. Qxa4+ Kb8 46. Qe4 Qd7 47. Qe5+ Ka7 48. Rxe3 fxe3 49. Qxe3+ Kb8 50. Qf4+ Ka7 51. Qe3+ Kb8 52. Kg3 Qd1 53. Qf4+ Ka7 54. Qf2+ Kb8 55. Qf4+ Ka7 56. Qf3 Qg1+ 57. Qg2 Qe3+ 58. Kg4 Qd4+ 59. Kg5 Qd3 60. Qf2+ Ka6 61. Qf6+ b6 62. Qxg6 Qd2+ 63. Kg4 Qxh2 64. Qf6 Qg2+ 65. Kh5 Qe2+ 66. Kh6 Qe3+ 67. Kg7 Qg3+ 68. Kf8 Qb8+ 69. Kf7 Qc7+ 70. Kg6 Qg3+ 71. Qg5 Qd3+ 72. Qf5 Qg3+ 73. Kh5 Qg2 74. Qc8+ Ka5 75. Qc3+ Ka6 76. Qd3+ b5 77. Qg6+ Qxg6+ 78. Kxg6 b4 79. h5 Kb5 80. h6 Kc4 81. h7 Kb3 82. h8=Q Ka2 83. Qd4 b3 84. Qc3 1-0


[Site "https://www.chess.com"]

[Event "Titled Tuesday Blitz July 25 Early 2023"]
[White "ArtemDyachuk"]
[Black "Svane, Frederik"]
[BlackFideId "12923044"]
[WhiteElo "2576"]
[BlackElo "2943"]
[Result "1-0"]
[Round "2"]
[TimeControl "180+2"]
[Date "2023.07.25"]
[WhiteClock "0:00:10"]
[BlackClock "0:00:14"]
[Board "26"]

1. e4 e5 2. Nf3 Nc6 3. Bc4 Nf6 4. d3 Be7 5. O-O O-O 6. Re1 d6 7. h3 Na5 8. Bb5 c5 9. c3 h6 10. Nbd2 a6 11. Ba4 b5 12. Bc2 Re8 13. Nf1 Bf8 14. Ng3 Nc6 15. Be3 d5 16. exd5 Nxd5 17. Bd2 Ra7 18. a4 Rd7 19. Qb1 Bb7 20. Nf5 h5 21. Ng3 g6 22. Bg5 Qc8 23. Ne4 f5 24. Nf6+ Nxf6 25. Bxf6 Bg7 26. Bb3+ c4 27. dxc4 Bxf6 28. cxb5+ Kg7 29. bxc6 Bxc6 30. Qc2 Qb7 31. Rad1 Rxd1 32. Rxd1 Bxf3 33. gxf3 Qxf3 34. Qd3 Qxd3 35. Rxd3 Rb8 36. Rd7+ Kh6 37. Bc4 Rxb2 38. Rd6 Kg7 39. Rd7+ Kh6 40. Rd6 Bg5 41. Bf7 Bh4 42. Rxg6+ Kh7 43. Rg2 Rb1+ 44. Kh2 Rb6 45. Bxh5 e4 46. Be2 Bf6 47. c4 Be5+ 48. Kh1 Rb2 49. f3 e3 50. Bd3 Rb3 51. Bxf5+ Kh8 52. Re2 Bg3 53. Kg2 Bf2 54. Be4 Kg7 55. c5 Kf6 56. Rc2 Ke7 57. c6 Rb8 58. c7 Rg8+ 59. Kf1 Rg1+ 60. Ke2 Re1+ 61. Kd3 Rd1+ 62. Ke2 Re1+ 63. Kd3 Rd1+ 64. Kc4 Kd7 65. Kb3 Rb1+ 66. Ka2 Rc1 67. Bf5+ Ke7 68. Rxc1 e2 69. c8=Q Kf6 70. Qe6+ Kg5 71. Qxe2 Bg3 72. Qe4 Bf4 73. Rc2 Bg3 74. a5 Be5 75. Kb3 Bf4 76. Kc4 Bg3 77. Kd5 Bd6 78. Kc6 Be5 79. Kb7 Bf4 80. Kxa6 Bd6 81. Kb7 Bc7 82. a6 Bb6 83. Kxb6 Kf6 84. Qe6+ Kg5 85. f4+ Kxf4 86. Rf2+ Kg3 87. Qe3+ Kh4 88. Qf4+ Kh5 89. Qg4+ Kh6 90. Qg6# 1-0


[Site "https://www.chess.com"]

[Event "Titled Tuesday Blitz July 25 Early 2023"]
[White "Sjugirov, Sanan"]
[Black "Filgueira, Hernan"]
[WhiteFideId "4189302"]
[BlackFideId "101770"]
[WhiteElo "2940"]
[BlackElo "2575"]
[Result "1-0"]
[Round "2"]
[TimeControl "180+2"]
[Date "2023.07.25"]
[WhiteClock "0:01:00"]
[BlackClock "0:01:01"]
[Board "27"]

1. e4 c5 2. Nf3 e6 3. d4 cxd4 4. Nxd4 a6 5. Bd3 Bc5 6. Nb3 Ba7 7. Qe2 d6 8. Be3 Nc6 9. Bxa7 Rxa7 10. Qe3 Nf6 11. Nc3 e5 12. O-O-O b5 13. Be2 h5 14. Kb1 Rd7 15. Rd2 Bb7 16. Rhd1 Ne7 17. f3 O-O 18. a3 Qc7 19. g4 hxg4 20. fxg4 d5 21. g5 d4 22. gxf6 dxe3 23. Rxd7 Qb6 24. fxe7 1-0


[Site "https://www.chess.com"]

[Event "Titled Tuesday Blitz July 25 Early 2023"]
[White "Shishkov, Andrei"]
[Black "ChessBrah"]
[WhiteFideId "4500563"]
[WhiteElo "2573"]
[BlackElo "2934"]
[Result "0-1"]
[Round "2"]
[TimeControl "180+2"]
[Date "2023.07.25"]
[WhiteClock "0:00:04"]
[BlackClock "0:01:37"]
[Board "28"]

1. d4 c6 2. c4 d5 3. e3 Nf6 4. Nc3 e6 5. b3 Bb4 6. Bb2 O-O 7. Bd3 Nbd7 8. Ne2 Re8 9. O-O b6 10. e4 dxc4 11. Bxc4 e5 12. a3 Bf8 13. b4 Bb7 14. Qb3 Qe7 15. a4 exd4 16. Nxd4 Ne5 17. Nf5 Qc7 18. Rac1 Nfg4 19. Ng3 Nxc4 20. Qxc4 Qf4 21. Nce2 Qh6 22. h3 Ne5 23. Qc3 c5 24. b5 Rad8 25. Rcd1 f6 26. f4 Nf7 27. Qf3 Qg6 28. Rxd8 Rxd8 29. Nc3 Nd6 30. Rd1 Re8 31. Qd3 Qf7 32. e5 Nc4 0-1


[Site "https://www.chess.com"]

[Event "Titled Tuesday Blitz July 25 Early 2023"]
[White "Megaranto, Susanto"]
[Black "Fernandez, Fernando"]
[WhiteFideId "7101384"]
[BlackFideId "3802299"]
[WhiteElo "2933"]
[BlackElo "2571"]
[Result "1-0"]
[Round "2"]
[TimeControl "180+2"]
[Date "2023.07.25"]
[WhiteClock "0:01:19"]
[BlackClock "0:00:01"]
[Board "29"]

1. e4 c6 2. c4 d5 3. exd5 cxd5 4. cxd5 Nf6 5. Nc3 Nxd5 6. Nf3 Nc6 7. Bb5 e6 8. d4 Bd6 9. O-O O-O 10. Re1 Nce7 11. Ne4 h6 12. Nxd6 Qxd6 13. Ne5 a6 14. Bd3 Bd7 15. Qg4 Nf5 16. Bd2 Nf6 17. Qh3 Rfd8 18. Rad1 Rac8 19. a3 Qxd4 20. Bc3 Qf4 21. g3 Qa4 22. Bb1 Bc6 23. Rxd8+ Rxd8 24. Nxc6 Qxc6 25. Bxf6 gxf6 26. Bxf5 exf5 27. Qxf5 Rd5 28. Qf4 Kg7 29. h4 Qd6 30. Qg4+ Kf8 31. Qc8+ Kg7 32. Re8 Rd1+ 33. Kh2 1-0


[Site "https://www.chess.com"]

[Event "Titled Tuesday Blitz July 25 Early 2023"]
[White "Hovhannisyan, Robert"]
[Black "Trifan, Andrei Ioan"]
[WhiteFideId "13302507"]
[BlackFideId "12967068"]
[WhiteElo "2925"]
[BlackElo "2567"]
[Result "1-0"]
[Round "2"]
[TimeControl "180+2"]
[Date "2023.07.25"]
[WhiteClock "0:00:47"]
[BlackClock "0:00:37"]
[Board "30"]

1. e4 e5 2. Nf3 Nc6 3. Bb5 a6 4. Ba4 Nf6 5. O-O Be7 6. Re1 b5 7. Bb3 d6 8. c3 O-O 9. h3 Nb8 10. d3 Bb7 11. Nbd2 Nbd7 12. Nf1 Re8 13. Ng3 Bf8 14. Ng5 d5 15. exd5 h6 16. N5e4 Bxd5 17. Qf3 Bxb3 18. axb3 Nxe4 19. dxe4 Qf6 20. Qxf6 Nxf6 21. Be3 a5 22. Ra2 Ra6 23. Rea1 Rea8 24. Kf1 a4 25. bxa4 Rxa4 26. Rxa4 bxa4 27. Ke2 Nd7 28. Nf1 Rb8 29. Bc1 Nc5 30. Nd2 f6 31. f3 Kf7 32. Ra2 Ke6 33. Nc4 Ra8 34. b4 Nb3 35. Be3 Kd7 36. Nb2 c5 37. bxc5 a3 38. Nc4 Kc6 39. Rxa3 Rxa3 40. Nxa3 Nxc5 41. Bxc5 Bxc5 42. Nc2 g6 43. Kd3 Kb5 44. g4 Bf2 45. Nb4 Bh4 46. Nd5 Kc5 47. Ne7 g5 48. Nf5 Be1 49. Nxh6 Kd6 50. Nf5+ Ke6 51. Kc4 Bd2 52. Kb3 Be1 53. c4 Kd7 54. c5 Bf2 55. Kc4 Ke6 56. Kb5 Kd7 57. Kb6 Ke6 58. Kc6 1-0


[Site "https://www.chess.com"]

[Event "Titled Tuesday Blitz July 25 Early 2023"]
[White "To, Nhat Minh"]
[Black "Aravindh, Chithambaram VR."]
[WhiteFideId "729019"]
[BlackFideId "5072786"]
[WhiteElo "2567"]
[BlackElo "2924"]
[Result "0-1"]
[Round "2"]
[TimeControl "180+2"]
[Date "2023.07.25"]
[WhiteClock "0:02:13"]
[BlackClock "0:02:45"]
[Board "31"]

1. e4 c5 2. Nf3 Nc6 3. d4 cxd4 4. Nxd4 Nf6 5. Nc3 h5 6. f3 e5 7. Ndb5 d6 8. Nd5 Nxd5 9. exd5 Ne7 10. c4 Nf5 11. Bd3 a6 12. Bxf5 Bxf5 13. Nc3 Qh4+ 0-1


[Site "https://www.chess.com"]

[Event "Titled Tuesday Blitz July 25 Early 2023"]
[White "Fonseca Manrique, Enrique"]
[Black "Madaminov, Mukhiddin"]
[WhiteFideId "5114330"]
[BlackFideId "14210703"]
[WhiteElo "2566"]
[BlackElo "2922"]
[Result "0-1"]
[Round "2"]
[TimeControl "180+2"]
[Date "2023.07.25"]
[WhiteClock "0:00:04"]
[BlackClock "0:00:19"]
[Board "32"]

1. e4 e5 2. Nf3 Nc6 3. Bb5 a6 4. Ba4 Nf6 5. d3 d6 6. c3 g6 7. O-O Bg7 8. h3 O-O 9. Re1 h6 10. Nbd2 Re8 11. Nf1 b5 12. Bb3 Na5 13. Bc2 c5 14. a4 Bb7 15. Be3 Nc6 16. Qd2 Kh7 17. Ng3 b4 18. Rad1 Rc8 19. d4 bxc3 20. bxc3 cxd4 21. cxd4 exd4 22. Nxd4 Ne5 23. Qb4 Rc4 24. Qxb7 Re7 25. Qxa6 Qb8 26. Rb1 Qc7 27. Bb3 Rc3 28. Nb5 Qc6 29. Qxc6 Rxc6 30. a5 Nd3 31. Red1 Nc5 32. Bxc5 Rxc5 33. Nxd6 Rxa5 34. f3 h5 35. Nxf7 h4 36. Nf1 Nh5 37. Nd6 Nf4 38. Nc4 Rg5 39. Nce3 Nxh3+ 40. Kh2 Nf2 41. Rd2 Be5+ 42. g3 hxg3+ 43. Kg2 Kh6 44. Rd5 Rh7 45. Ba2 Ra7 46. Bc4 Ra3 47. Rb7 Nh3 48. Kxh3 g2 49. Rdd7 gxf1=Q+ 50. Nxf1 Rxf3+ 51. Kh4 Rh5+ 52. Kg4 Rf4+ 53. Kg3 Rxf1+ 54. Kg2 Rc1 55. Rh7+ Kg5 56. Rxh5+ Kxh5 57. Bd5 g5 58. Kf3 Rc3+ 59. Kg2 Kg4 60. Re7 Rc2+ 61. Kf1 Kf3 62. Rf7+ Ke3 63. Rf5 Bf4 64. e5 Rf2+ 65. Kg1 Bh2+ 66. Kh1 Rxf5 67. Kxh2 Rxe5 68. Bg2 Kf2 0-1


[Site "https://www.chess.com"]

[Event "Titled Tuesday Blitz July 25 Early 2023"]
[White "Tari, Aryan"]
[Black "Thecourseoisildur"]
[WhiteFideId "1510045"]
[WhiteElo "2910"]
[BlackElo "2566"]
[Result "1-0"]
[Round "2"]
[TimeControl "180+2"]
[Date "2023.07.25"]
[WhiteClock "0:00:41"]
[BlackClock "0:00:08"]
[Board "33"]

1. e4 c5 2. Nf3 d6 3. Bc4 Nf6 4. d3 e6 5. Bb3 Nc6 6. O-O Be7 7. c3 O-O 8. a4 b6 9. Re1 e5 10. Na3 Ba6 11. Nc2 d5 12. exd5 Nxd5 13. Nxe5 Nxe5 14. Rxe5 Nf6 15. Bg5 h6 16. Bh4 Bd6 17. Rf5 Bxd3 18. Bxf6 gxf6 19. Rd5 c4 20. Bxc4 Bxc4 21. Rxd6 Qc8 22. Rxf6 Qc5 23. Ne3 Be6 24. Qf3 Qg5 25. g3 Rad8 26. h4 Qg7 27. Qf4 Rd2 28. Rxh6 Rxb2 29. Rd1 f6 30. Rh5 Re8 31. Nf5 Bxf5 32. Rxf5 Ree2 33. Rd8+ Kh7 34. Rh5+ Kg6 35. Qf5+ Kf7 36. Rd7+ Re7 37. Rxe7+ Kxe7 38. Rh7 Qxh7 39. Qxh7+ Kd6 40. h5 Kc5 41. h6 Kc4 42. Qc7+ Kb3 43. h7 1-0


[Site "https://www.chess.com"]

[Event "Titled Tuesday Blitz July 25 Early 2023"]
[White "Roebers, Eline"]
[Black "Zhigalko, Sergei"]
[WhiteFideId "1058401"]
[BlackFideId "13502956"]
[WhiteElo "2566"]
[BlackElo "2902"]
[Result "0-1"]
[Round "2"]
[TimeControl "180+2"]
[Date "2023.07.25"]
[WhiteClock "0:00:02"]
[BlackClock "0:00:04"]
[Board "34"]

1. e4 c5 2. Nf3 Nc6 3. d4 cxd4 4. Nxd4 Nf6 5. Nc3 e5 6. Ndb5 d6 7. Bg5 a6 8. Na3 b5 9. Bxf6 gxf6 10. Nd5 Bg7 11. g3 f5 12. Bg2 fxe4 13. Bxe4 Be6 14. Qh5 Rc8 15. c3 Ne7 16. Rd1 Nxd5 17. Bxd5 O-O 18. Nc2 Qd7 19. Ne3 f5 20. O-O Kh8 21. f4 e4 22. Bxe6 Qxe6 23. Rd5 b4 24. cxb4 Bxb2 25. Rfd1 Rc1 26. Qe2 Rxd1+ 27. Qxd1 Rd8 28. Rxf5 Qxa2 29. Ra5 Qe6 30. Rxa6 Bc3 31. b5 Kg8 32. Qd5 Qxd5 33. Nxd5 Bd4+ 34. Kf1 Kf7 35. Ke2 Ke6 36. Nb4 Bc5 37. Nc6 Rc8 38. Ra4 d5 39. Ra6 Kd7 40. Ne5+ Kc7 41. Rh6 Kb7 42. Rxh7+ Kb6 43. Nd7+ Kxb5 44. Rh5 Kc4 45. Ne5+ Kd4 46. Nf7 Ra8 47. Ng5 Ra2+ 48. Kd1 Kd3 49. Kc1 Bd4 50. Ne6 Ra1# 0-1


[Site "https://www.chess.com"]

[Event "Titled Tuesday Blitz July 25 Early 2023"]
[White "Molina, Roberto Junio Brito"]
[Black "Nurgaliyeva, Zarina"]
[WhiteFideId "2109450"]
[BlackFideId "13730096"]
[WhiteElo "2899"]
[BlackElo "2565"]
[Result "0-1"]
[Round "2"]
[TimeControl "180+2"]
[Date "2023.07.25"]
[WhiteClock "0:00:02"]
[BlackClock "0:00:11"]
[Board "35"]

1. d4 Nf6 2. e3 d5 3. Nf3 c5 4. c3 e6 5. Nbd2 Nc6 6. Bd3 c4 7. Bc2 Be7 8. e4 O-O 9. e5 Nd7 10. O-O b5 11. a3 a5 12. Re1 Bb7 13. Nf1 b4 14. axb4 axb4 15. Rxa8 Bxa8 16. g3 Qa5 17. Qd2 b3 18. Bd1 Nb6 19. h4 Na4 20. h5 Nb4 21. cxb4 Bxb4 22. Qe3 Bxe1 23. Nxe1 c3 24. h6 g6 25. bxc3 b2 26. Bxb2 Nxb2 27. Be2 Nc4 28. Qc1 Qd8 29. Nd3 f6 30. exf6 Qxf6 31. f4 Nd6 32. Ne5 Ne4 33. Qe3 Rc8 34. c4 dxc4 35. Bxc4 Bd5 36. Bd3 Nd6 37. Nh2 Nf5 38. Nhg4 Qe7 39. Qf2 Rc1+ 40. Bf1 Bb7 41. Kh2 Be4 42. Bg2 Rc2 43. Qf1 Rxg2+ 44. Kh3 Rxg3+ 45. Kh2 Qh4+ 0-1


[Site "https://www.chess.com"]

[Event "Titled Tuesday Blitz July 25 Early 2023"]
[White "Galchenko, Matvey"]
[Black "Ezat, Mohamed"]
[WhiteFideId "24175480"]
[BlackFideId "10600906"]
[WhiteElo "2896"]
[BlackElo "2565"]
[Result "1-0"]
[Round "2"]
[TimeControl "180+2"]
[Date "2023.07.25"]
[WhiteClock "0:00:15"]
[BlackClock "0:00:09"]
[Board "36"]

1. f4 Nf6 2. Nf3 g6 3. g3 Bg7 4. Bg2 O-O 5. O-O d6 6. d3 e5 7. Nc3 Nc6 8. e4 exf4 9. Bxf4 d5 10. e5 Ng4 11. d4 f6 12. h3 fxe5 13. Bg5 Bf6 14. hxg4 Bxg5 15. Nxg5 Qxg5 16. Rxf8+ Kxf8 17. Qf1+ Kg7 18. Bxd5 Bxg4 19. Qf7+ Kh8 20. Ne4 Qe7 21. Rf1 Bf5 22. Qxe7 Nxe7 23. Bxb7 Rb8 24. Nc5 exd4 25. Rf2 h5 26. Rd2 Rd8 27. Bf3 Kg7 28. Nb3 Kf6 29. Rxd4 Rxd4 30. Nxd4 Bd7 31. Kf2 Ke5 32. Ne2 c5 33. c3 Nf5 34. Nf4 Be8 35. Nd3+ Kd6 36. b4 cxb4 37. cxb4 Ng7 38. Ke3 Ne6 39. Bd1 Nc7 40. a4 Nd5+ 41. Kd4 Nb6 42. a5 Nd7 43. Nf4 Nf6 44. Bc2 Ng4 45. Bxg6 Ne5 46. Bxe8 Nf3+ 47. Ke3 Ne5 48. Bxh5 Nc4+ 49. Kd4 Na3 50. Be2 Nc2+ 51. Kc3 Ne1 52. Kd2 Ke5 53. Kxe1 Ke4 54. a6 Kd4 55. b5 Ke4 56. Kf2 Kd4 57. Kf3 Kc5 58. g4 Kb6 59. g5 Ka5 60. g6 Kb6 61. g7 Ka5 62. g8=Q Kb4 63. Qc4+ Ka5 64. Qc3+ Kb6 65. Qd4+ Ka5 66. Qxa7 Kb4 67. b6 Ka5 68. b7 Ka4 69. b8=Q Ka5 70. Qab6+ 1-0


[Site "https://www.chess.com"]

[Event "Titled Tuesday Blitz July 25 Early 2023"]
[White "Iturrizaga Bonelli, Eduardo"]
[Black "Eynullayev, Altay"]
[WhiteFideId "3901211"]
[BlackFideId "13413562"]
[WhiteElo "2886"]
[BlackElo "2563"]
[Result "1-0"]
[Round "2"]
[TimeControl "180+2"]
[Date "2023.07.25"]
[WhiteClock "0:00:15"]
[BlackClock "0:00:21"]
[Board "37"]

1. c4 Nf6 2. g3 e6 3. Bg2 d5 4. d4 Bb4+ 5. Bd2 Be7 6. Nf3 O-O 7. O-O Nbd7 8. Qc2 c6 9. Bf4 b6 10. Nbd2 Nh5 11. Be3 f5 12. Ne5 Nxe5 13. dxe5 d4 14. Bf4 g5 15. Bxg5 Bxg5 16. f4 Be7 17. Bxc6 Rb8 18. Bf3 Ng7 19. Nb3 Bb7 20. Rad1 Bxf3 21. Rxf3 Rb7 22. Rfd3 Rd7 23. e3 a5 24. exd4 a4 25. Nc1 Qc7 26. Qxa4 Rfd8 27. Ne2 Qb7 28. d5 Bc5+ 29. Kf1 Ne8 30. b4 Bf8 31. Nc3 Nc7 32. Qb3 b5 33. c5 Nxd5 34. Nxd5 Rxd5 35. Rxd5 Rxd5 36. Rxd5 exd5 37. Qd3 Qd7 38. Kf2 Kf7 39. Qe2 d4 40. Qf3 Ke6 41. Qb3+ Qd5 42. Qxd5+ Kxd5 43. Ke2 Kc4 44. a3 Kb3 45. Kd3 Be7 46. c6 Bd8 47. e6 Kxa3 48. c7 Bxc7 49. e7 Kxb4 50. e8=Q Bb6 51. Qe7+ Bc5 52. Qe6 Ka4 53. Qxf5 Bb4 54. Qxh7 Kb3 55. Kxd4 Bc3+ 56. Kd3 b4 57. Qf7+ Kb2 58. Kc4 b3 59. Qb7 Ka1 60. Qxb3 Bb2 61. Kd3 1-0


[Site "https://www.chess.com"]

[Event "Titled Tuesday Blitz July 25 Early 2023"]
[White "Ilkhomi, Jaloliddin"]
[Black "Kovalenko, Igor"]
[WhiteFideId "14700948"]
[BlackFideId "14117908"]
[WhiteElo "2563"]
[BlackElo "2882"]
[Result "0-1"]
[Round "2"]
[TimeControl "180+2"]
[Date "2023.07.25"]
[WhiteClock "0:01:19"]
[BlackClock "0:01:38"]
[Board "38"]

1. Nf3 d5 2. c4 e6 3. g3 Nd7 4. b3 Ngf6 5. Bg2 b6 6. O-O Bb7 7. d4 c5 8. Bb2 dxc4 9. bxc4 cxd4 10. Nxd4 Bxg2 11. Kxg2 Qc8 12. Nd2 Be7 13. Rc1 O-O 14. N2f3 Rd8 15. Qc2 Qb7 16. Rfd1 Rac8 17. Qb1 Ne4 18. h4 Ndf6 19. Qd3 Ng4 20. Qc2 Nexf2 21. Qc3 Nxd1 22. Rxd1 Bf6 23. Qc2 Ne3+ 0-1


[Site "https://www.chess.com"]

[Event "Titled Tuesday Blitz July 25 Early 2023"]
[White "Becerra Rivero, Julio"]
[Black "Krutko, Anatoly"]
[WhiteFideId "3501728"]
[BlackFideId "4185862"]
[WhiteElo "2877"]
[BlackElo "2561"]
[Result "1/2-1/2"]
[Round "2"]
[TimeControl "180+2"]
[Date "2023.07.25"]
[WhiteClock "0:00:04"]
[BlackClock "0:00:14"]
[Board "39"]

1. e4 e5 2. Nf3 Nc6 3. Bb5 a6 4. Ba4 Nf6 5. O-O b5 6. Bb3 Bc5 7. a4 Bb7 8. d3 O-O 9. Nc3 b4 10. Nd5 Nxd5 11. Bxd5 d6 12. Be3 Ba7 13. Qd2 a5 14. d4 exd4 15. Nxd4 Bxd4 16. Bxd4 Nxd4 17. Bxb7 Rb8 18. Bd5 c5 19. Rfd1 Qf6 20. c3 bxc3 21. bxc3 Nb3 22. Bxb3 Rxb3 23. Qxd6 Qxd6 24. Rxd6 Rxc3 25. Ra6 Rb8 26. Rxa5 h6 27. Ra7 Rc2 28. h4 Rbb2 29. Rf1 c4 30. a5 c3 31. a6 Ra2 32. h5 Rcb2 33. Rc7 c2 34. a7 Rb1 35. Rxc2 Rxf1+ 36. Kxf1 Rxa7 37. g4 Ra4 38. f3 Ra3 39. Kf2 Rb3 40. Rc8+ Kh7 41. Rc7 f6 42. Kg3 Ra3 43. Kf4 Rb3 44. Re7 Ra3 45. e5 fxe5+ 46. Rxe5 Ra4+ 47. Kf5 Ra6 48. f4 Ra4 49. Rd5 Rb4 50. Ke5 Rb1 51. g5 hxg5 52. fxg5 Rg1 53. Kf5 Rf1+ 54. Ke6 Re1+ 55. Re5 Ra1 56. Kf7 Rf1+ 57. Ke7 Ra1 58. Ke6 Rh1 59. g6+ Kh6 60. Kf7 Rf1+ 61. Kg8 Ra1 62. Re7 Ra8+ 63. Kf7 Ra1 64. Kg8 Ra8+ 65. Kf7 Ra1 66. Kg8 1/2-1/2


[Site "https://www.chess.com"]

[Event "Titled Tuesday Blitz July 25 Early 2023"]
[White "Garv Gaur"]
[Black "Kushagra Mohan"]
[WhiteFideId "45030839"]
[BlackFideId "25033638"]
[WhiteElo "2560"]
[BlackElo "2875"]
[Result "1/2-1/2"]
[Round "2"]
[TimeControl "180+2"]
[Date "2023.07.25"]
[WhiteClock "0:00:16"]
[BlackClock "0:00:12"]
[Board "40"]

1. Nf3 Nf6 2. g3 g6 3. Bg2 Bg7 4. O-O c5 5. c4 O-O 6. Nc3 Nc6 7. d3 d6 8. Qd2 Rb8 9. b3 a6 10. Ne1 Bd7 11. a4 Qc8 12. Bb2 Bh3 13. e3 h5 14. d4 Bxg2 15. Nxg2 e5 16. dxc5 dxc5 17. Nd5 Rd8 18. Rad1 Qh3 19. f3 b5 20. axb5 axb5 21. Bc3 Ra8 22. Ra1 b4 23. Bb2 Rxa1 24. Rxa1 Qd7 25. e4 Nd4 26. Bxd4 exd4 27. Ne1 Nxd5 28. exd5 Bf8 29. Nd3 Bd6 30. Qg5 Re8 31. f4 Re3 32. Ne5 Bxe5 33. fxe5 Qh3 34. e6 Qg4 35. exf7+ Kxf7 36. Ra7+ Ke8 37. Ra8+ Kf7 38. Ra7+ Ke8 39. Ra8+ Kf7 40. Ra7+ 1/2-1/2


[Site "https://www.chess.com"]

[Event "Titled Tuesday Blitz July 25 Early 2023"]
[White "Harsha Bharathakoti"]
[Black "Yurovskykh, Oleksandr"]
[WhiteFideId "5078776"]
[BlackFideId "14134020"]
[WhiteElo "2873"]
[BlackElo "2559"]
[Result "1-0"]
[Round "2"]
[TimeControl "180+2"]
[Date "2023.07.25"]
[WhiteClock "0:00:57"]
[BlackClock "0:00:16"]
[Board "41"]

1. Nf3 Nf6 2. g3 b5 3. Bg2 Bb7 4. O-O e6 5. b3 Be7 6. c4 bxc4 7. bxc4 c5 8. Nc3 O-O 9. Rb1 Qc8 10. d3 d6 11. Bf4 Nbd7 12. Qa4 Bc6 13. Qa5 e5 14. Bg5 Bd8 15. Qa3 h6 16. Bxf6 Nxf6 17. Nd2 Bxg2 18. Kxg2 Qc6+ 19. Nde4 a6 20. Qa4 Qxa4 21. Nxa4 Nxe4 22. dxe4 Bc7 23. Rb7 Rfc8 24. Nc3 Rab8 25. Rfb1 Kf8 26. Nd5 Rxb7 27. Rxb7 Bd8 28. Ra7 Rc6 29. Kf3 Ke8 30. Ke3 a5 31. Kd3 Rc8 32. Rb7 h5 33. h3 g6 34. Kc2 Rc6 35. Kb3 a4+ 36. Kxa4 Ra6+ 37. Kb3 Ra8 38. a3 Ra6 39. Nc3 Ba5 40. Nb5 Be1 41. Nc7+ 1-0


[Site "https://www.chess.com"]

[Event "Titled Tuesday Blitz July 25 Early 2023"]
[White "Ozates, Tuna"]
[Black "Moroni, Luca Jr"]
[WhiteFideId "6354521"]
[BlackFideId "865834"]
[WhiteElo "2559"]
[BlackElo "2869"]
[Result "1-0"]
[Round "2"]
[TimeControl "180+2"]
[Date "2023.07.25"]
[WhiteClock "0:00:04"]
[BlackClock "0:00:03"]
[Board "42"]

1. e4 g6 2. d4 Bg7 3. Nc3 d6 4. f4 d5 5. e5 Nh6 6. Nf3 Bg4 7. Be3 Nf5 8. Bf2 h5 9. h3 Bxf3 10. Qxf3 e6 11. g4 Ne7 12. Bd3 Qd7 13. Rg1 Nbc6 14. f5 hxg4 15. hxg4 gxf5 16. gxf5 Bxe5 17. dxe5 Nxe5 18. Qg3 Nxd3+ 19. Qxd3 Nxf5 20. O-O-O O-O-O 21. Nb5 a6 22. Nd4 Nd6 23. Nb3 Ne4 24. Be3 Rh3 25. Qd4 b6 26. Bf4 Kb7 27. a4 f6 28. a5 e5 29. Bxe5 fxe5 30. Qxe5 Qd6 31. Qd4 Rd7 32. axb6 cxb6 33. Rg8 Qc6 34. Kb1 Rh2 35. c3 Rhh7 36. Qb4 Qe6 37. Qf8 Qe7 38. Qa8+ Kc7 39. Qb8+ Kc6 40. Nd4+ Kc5 41. Rc8+ Rc7 42. Rxc7+ Qxc7 43. Qf8+ Qd6 44. Qc8+ Rc7 45. Qxa6 b5 46. Qxb5# 1-0


[Site "https://www.chess.com"]